AoeStats
← JefeGoodman

Arabia

503144950Analyzed
1v1 RM · 1mo ago on Aug 30, 2026· 42m 26s· 2 players
Game mode
Random Map
Map size
Tiny (2 player)
Population
200
Speed
Normal
Resources
Standard
Victory
Conquest
Starting age
Dark Age
Ending age
Imperial Age
RankedLock teamsTeams togetherTeam positionsShared explorationLock speedFull tech treeHidden civsTurbo modeCheats
Victory
Defeat
🇧🇷 Vietnamese · Brazil
1047
+16
🇦🇷 Khmer · Argentina
1037
-16
JefeGoodman
6:14 Loom
9:48 Feudal Age
10:22 Double-Bit Axe
21:02 Castle Age
19:20 Bloodlines
19:16 Horse Collar
19:38 Gold Mining
21:50 Husbandry
23:16 Forging
23:30 Bow Saw
25:19 Scale Barding Armor
27:28 Town Watch
28:27 Heavy Plow
30:38 Iron Casting
32:32 Wheelbarrow
34:57 Town Patrol
38:44 Chain Barding Armor
39:10 Gold Shaft Mining
39:34 Hand Cart
43:05 Imperial Age
t_uruk
7:05 Loom
9:32 Feudal Age
10:37 Double-Bit Axe
13:16 Man-at-Arms
13:41 Arson
15:18 Town Watch
16:09 Forging
16:27 Horse Collar
18:26 Wheelbarrow
22:52 Castle Age
21:25 Scale Barding Armor
21:22 Gold Mining
22:59 Bloodlines
23:17 Stone Mining
23:24 Fletching
23:51 Squires
24:37 Husbandry
23:58 Light Cavalry
24:53 Scale Mail Armor
28:00 Hand Cart
28:02 Bow Saw
29:23 Bodkin Arrow
32:55 Coinage
35:23 Imperial Age
33:50 Stone Shaft Mining
33:59 Pikeman
35:07 Murder Holes
34:52 Treadmill Crane
35:33 Ballistics
36:19 Bracer
37:22 Chemistry
39:19 Padded Archer Armor
39:05 Arrowslits
40:47 Leather Archer Armor
41:17 Paper Money
41:10 Town Patrol
42:42 Ring Archer Armor
Connection lost

Rejoining the realm…

Still unreachable

The connection could not be restored.

Session expired

The server has moved on; the page needs a fresh start.